 Dungeon Crawl Stone Soup version 0.31.0-1-g2c135a008e (webtiles) character file.

Game seed: 71052979756973448

156 qw the Shooter (level 5, 0/40 HPs)
             Began as a Djinni Hunter on Jan 24, 2024.
             Slain by a black bear (1 damage)
             ... on level 4 of the Dungeon.
             The game lasted 00:00:14 (2775 turns).

qw the Shooter (Djinni Hunter)                      Turns: 2775, Time: 00:00:14

Health: 0/40       AC:  3    Str: 10    XL:     5   Next: 64%
Gold:   152        EV: 13    Int: 11    God:
                   SH:  0    Dex: 18

rFire   + + .        a - +0 shortbow
rCold   x . .        (shield currently unavailable)
rNeg    . . .        c - +0 leather armour
rPois   inf          (no helmet)
rElec   .            (no cloak)
rCorr   .            (no gloves)
SInv    .            (boots unavailable)
Will    .....        (no amulet)
Stlth   ++           (no ring)
HPRegen 0.26/turn    (no ring)
MPRegen 0.00/turn

%: infuse magic (-1 HP)
@: flying
A: sickness immunity, fire resistance 2, cold vulnerability 1, float, innate
caster, HP casting, extra vitality 1
a: no special abilities


You were on level 4 of the Dungeon.
You visited 1 branch of the dungeon, and saw 4 of its levels.

You collected 152 gold pieces.


Innate Abilities, Weirdness & Mutations

You are immune to sickness and miasma.
You are immune to poison.
Your flesh is very heat resistant. (rF++)
You are vulnerable to cold. (rC-)
You float through the air rather than walking.
You learn spells naturally, not from books.
Your magical power is your life essence.
You have superior vitality. (+4 MHP)


   Skills:
 - Level 3.0 Fighting
 + Level 4.7 Ranged Weapons
 - Level 3.1 Dodging
 - Level 0.7 Stealth


You knew the following spells:

 Your Spells              Type           Power      Damage    Failure   Level
a - Magic Dart            Conj           0%         1d3       43%         1
b - Momentum Strike       Conj/Tloc      0%         3d8       58%         2
Your spell library was empty.

Inventory:

Hand Weapons
 a - a +0 shortbow (weapon)
Armour
 c - a +0 leather armour (worn)
Jewellery
 l - a ring of fire
Potions
 d - a potion of attraction {unknown}
 e - a potion of invisibility {unknown}
 f - a potion of berserk rage {unknown}
 g - a potion of heal wounds {unknown}
 h - a potion of curing {unknown}
 j - a potion of might {unknown}
 k - a potion of mutation {unknown}

Dungeon Overview and Level Annotations

Branches:
Dungeon (4/15)
 Temple: D:4-7

Altars:
Dithmenos
Uskayaw

Annotations:
D:2 Ijyb


Message History

A black bear comes into view.
You shoot an arrow.
The arrow hits the black bear but does no damage.
The black bear growls angrily.
You shoot an arrow. The arrow barely misses the black bear.
An adder comes into view.
You shoot an arrow. The adder hisses angrily.
The arrow hits the black bear.
The black bear is lightly wounded.
You shoot an arrow. The arrow hits the black bear.
The black bear is moderately wounded.
The black bear barely misses you. The black bear closely misses you.
The black bear claws you but does no damage.
You shoot an arrow. The arrow hits the black bear.
The black bear is moderately wounded.
The black bear bites you!
The black bear claws you but does no damage.
The black bear closely misses you.
You shoot an arrow. The arrow barely misses the black bear.
The black bear bites you. The black bear misses you.
The black bear claws you but does no damage.
You shoot an arrow. The arrow hits the black bear!
The black bear is heavily wounded.
The black bear bites you but does no damage.
The black bear claws you. x2; The black bear bites you.
The black bear claws you. x2
You shoot an arrow. The arrow hits the black bear.
The black bear is severely wounded.
The black bear closely misses you.
The black bear claws you but does no damage.
The black bear claws you.
You shoot an arrow. The arrow barely misses the black bear.
The black bear bites you. The black bear closely misses you. x2
You shoot an arrow.
The arrow closely misses the black bear.
The black bear bites you. The black bear misses you.
The black bear claws you but does no damage.
You shoot an arrow. The arrow barely misses the black bear.
The black bear misses you. The black bear claws you. x2
You die...

..# ..# ..... ..#
.... ..# ...# ..#
... ..# .. ..# S#
### ##h# ########
#@#
.......#########.#
.................#
%...............##
..........%.....#
#########.......#
## #######.# .##
#..# ..## #..#


You could see a black bear and an adder.

Vanquished Creatures
  A sleepcap (D:4)
  An iguana (D:4)
  5 adders
  2 ribbon worms (D:4)
  7 endoplasms
  A giant cockroach (D:2)
  4 goblins
  6 hobgoblins
  3 jackals (D:1)
  2 quokkas
  4 ball pythons
  5 bats
  3 frilled lizards
  7 kobolds
  5 rats
56 creatures vanquished.

Notes
Turn   | Place    | Note
-------+----------+-------------------------------------------
     0 | D:1      | qw the Djinni Hunter began the quest for the Orb.
     0 | D:1      | Reached XP level 1. HP: 18/18 MP: 0/0
     0 | D:1      | 0 ||| qw: Version: 0.3-a-136-gdd3b4e8
     0 | D:1      | 0 ||| qw: Game counter: 1271
     0 | D:1      | 0 ||| qw: Melee chars always use a shield: true
     0 | D:1      | 0 ||| qw: God list: Okawaru
     0 | D:1      | 0 ||| qw: Allow faded altars: false
     0 | D:1      | 0 ||| qw: Do Orc after clearing Dungeon:15 true
     0 | D:1      | 0 ||| qw: Do second Lair branch before Depths: true
     0 | D:1      | 0 ||| qw: Lair rune preference: random
     0 | D:1      | 0 ||| qw: Goals: Normal
     0 | D:1      | 0 ||| PLANNING D:1-11
    19 | D:1      | Found a faded altar of an unknown god.
   153 | D:1      | Reached XP level 2. HP: 23/23 MP: 0/0
   513 | D:1      | Reached skill level 4 in Ranged Weapons
   513 | D:1      | Reached XP level 3. HP: 28/28 MP: 0/0
   513 | D:1      | Learned a level 1 spell: Magic Dart
   520 | D:1      | 520 ||| READING scroll labelled NUOKEDGH UTISHE.
   521 | D:1      | 521 ||| READING scroll labelled MIGOTT NUDO.
   522 | D:1      | 522 ||| READING scroll labelled JYQUUL XADEA.
   522 | D:1      | 522 ||| IDENTIFYING grey potion
   523 | D:1      | 523 ||| DROPPING scroll of butterflies.
   524 | D:1      | 524 ||| DROPPING potion of lignification.
   944 | D:2      | Reached XP level 4. HP: 31/34 MP: 0/0
   985 | D:2      | Reached skill level 3 in Fighting
  1246 | D:2      | 1246 ||| READING scroll labelled LURUSS EG LEVO.
  1247 | D:2      | 1247 ||| READING scroll labelled USKAGIL PULLIESS.
  1292 | D:3      | Found a shadowy altar of Dithmenos.
  1434 | D:3      | 1434 ||| FLEEEEING.
  1435 | D:3      | 1435 ||| FLEEEEING.
  1436 | D:3      | 1436 ||| FLEEEEING.
  1437 | D:3      | 1437 ||| FLEEEEING.
  1440 | D:3      | 1440 ||| FLEEEEING.
  1441 | D:3      | 1441 ||| FLEEEEING.
  1443 | D:3      | 1443 ||| FLEEEEING.
  1446 | D:3      | 1446 ||| FLEEEEING.
  1447 | D:3      | 1447 ||| FLEEEEING.
  1448 | D:3      | 1448 ||| FLEEEEING.
  1449 | D:3      | 1449 ||| FLEEEEING.
  1450 | D:3      | 1450 ||| FLEEEEING.
  1451 | D:3      | 1451 ||| FLEEEEING.
  1452 | D:3      | 1452 ||| FLEEEEING.
  1770 | D:3      | Reached skill level 3 in Dodging
  1805 | D:3      | Noticed Ijyb
  1816 | D:3      | 1816 ||| FLEEEEING.
  1817 | D:3      | 1817 ||| FLEEEEING.
  1818 | D:3      | 1818 ||| FLEEEEING.
  1819 | D:3      | 1819 ||| FLEEEEING.
  1820 | D:3      | 1820 ||| FLEEEEING.
  1821 | D:3      | 1821 ||| FLEEEEING.
  1822 | D:3      | 1822 ||| FLEEEEING.
  1823 | D:3      | 1823 ||| FLEEEEING.
  1824 | D:3      | 1824 ||| FLEEEEING.
  1825 | D:3      | 1825 ||| FLEEEEING.
  1826 | D:3      | 1826 ||| FLEEEEING.
  1827 | D:3      | 1827 ||| FLEEEEING.
  1828 | D:3      | 1828 ||| FLEEEEING.
  1829 | D:3      | 1829 ||| FLEEEEING.
  1830 | D:3      | 1830 ||| FLEEEEING.
  1831 | D:3      | 1831 ||| FLEEEEING.
  1832 | D:3      | 1832 ||| FLEEEEING.
  1833 | D:3      | 1833 ||| FLEEEEING.
  1834 | D:3      | 1834 ||| STAIRDANCE
  1836 | D:2      | 1836 ||| FLEEEEING.
  1837 | D:2      | 1837 ||| FLEEEEING.
  1838 | D:2      | 1838 ||| FLEEEEING.
  1857 | D:2      | 1857 ||| FLEEEEING.
  1858 | D:2      | 1858 ||| FLEEEEING.
  1859 | D:2      | 1859 ||| FLEEEEING.
  1860 | D:2      | 1860 ||| FLEEEEING.
  1861 | D:2      | 1861 ||| FLEEEEING.
  1862 | D:2      | 1862 ||| FLEEEEING.
  1863 | D:2      | 1863 ||| FLEEEEING.
  1864 | D:2      | 1864 ||| FLEEEEING.
  1865 | D:2      | 1865 ||| FLEEEEING.
  1866 | D:2      | 1866 ||| FLEEEEING.
  1867 | D:2      | 1867 ||| FLEEEEING.
  1868 | D:2      | 1868 ||| FLEEEEING.
  1869 | D:2      | 1869 ||| FLEEEEING.
  1870 | D:2      | 1870 ||| FLEEEEING.
  1871 | D:2      | 1871 ||| FLEEEEING.
  1872 | D:2      | 1872 ||| FLEEEEING.
  1873 | D:2      | 1873 ||| FLEEEEING.
  1874 | D:2      | 1874 ||| FLEEEEING.
  1875 | D:2      | 1875 ||| FLEEEEING.
  1876 | D:2      | 1876 ||| FLEEEEING.
  1877 | D:2      | 1877 ||| FLEEEEING.
  1878 | D:2      | 1878 ||| FLEEEEING.
  1879 | D:2      | 1879 ||| FLEEEEING.
  1880 | D:2      | 1880 ||| FLEEEEING.
  1881 | D:2      | 1881 ||| FLEEEEING.
  1882 | D:2      | 1882 ||| FLEEEEING.
  1883 | D:2      | 1883 ||| FLEEEEING.
  1884 | D:2      | 1884 ||| FLEEEEING.
  1885 | D:2      | 1885 ||| FLEEEEING.
  1886 | D:2      | 1886 ||| FLEEEEING.
  1887 | D:2      | 1887 ||| FLEEEEING.
  1888 | D:2      | 1888 ||| FLEEEEING.
  1889 | D:2      | 1889 ||| FLEEEEING.
  1890 | D:2      | 1890 ||| FLEEEEING.
  1891 | D:2      | 1891 ||| FLEEEEING.
  1892 | D:2      | 1892 ||| FLEEEEING.
  1893 | D:2      | 1893 ||| FLEEEEING.
  1894 | D:2      | 1894 ||| FLEEEEING.
  1895 | D:2      | 1895 ||| FLEEEEING.
  1896 | D:2      | 1896 ||| FLEEEEING.
  1897 | D:2      | 1897 ||| FLEEEEING.
  1898 | D:2      | 1898 ||| FLEEEEING.
  1899 | D:2      | 1899 ||| FLEEEEING.
  1900 | D:2      | 1900 ||| FLEEEEING.
  1901 | D:2      | 1901 ||| FLEEEEING.
  1902 | D:2      | 1902 ||| FLEEEEING.
  1903 | D:2      | 1903 ||| FLEEEEING.
  1904 | D:2      | 1904 ||| FLEEEEING.
  1905 | D:2      | 1905 ||| FLEEEEING.
  1906 | D:2      | 1906 ||| FLEEEEING.
  1907 | D:2      | 1907 ||| FLEEEEING.
  1908 | D:2      | 1908 ||| FLEEEEING.
  1909 | D:2      | 1909 ||| FLEEEEING.
  1910 | D:2      | 1910 ||| FLEEEEING.
  1911 | D:2      | 1911 ||| FLEEEEING.
  1912 | D:2      | 1912 ||| FLEEEEING.
  1913 | D:2      | 1913 ||| FLEEEEING.
  1914 | D:2      | 1914 ||| STAIRDANCE
  1938 | D:1      | 1938 ||| READING scroll of identify.
  1938 | D:1      | 1938 ||| IDENTIFYING sapphire potion
  1939 | D:1      | 1939 ||| DROPPING potion of brilliance.
  2222 | D:4      | Reached XP level 5. HP: 28/40 MP: 0/0
  2222 | D:4      | Learned a level 2 spell: Momentum Strike
  2271 | D:4      | Noticed a +0 dagger
  2271 | D:4      | Noticed a +0 hand axe
  2273 | D:4      | Found a hide-covered altar of Uskayaw.
  2763 | D:4      | Noticed a black bear
  2773 | D:4      | HP: 7/40 [black bear (4)]
  2775 | D:4      | HP: 1/40 [black bear (3)]
  2775 | D:4      | Slain by a black bear

Levels and vault maps discovered:
D:1:      heliophobic_arrival_henge, layout_loops_cross,
          ebering_ecumenical_altar_rust, serial_bayou_lagoon_a
D:2:      layout_loops_ring
D:3:      layout_basic, mainiacjoe_overflow_alcove_4, uniq_ijyb
D:4:      layout_cave_pods, dancing_weapons_uskayaw

Skill      XL: |  1  2  3  4 |
---------------+-------------+-----
Ranged Weapons | 4 |  4.7
Fighting       | 3 |  3.0
Dodging        | 3 |  3.1
Stealth        | |  0.7

Action                     |  1- 3 |  4- 6 || total
---------------------------+-------+-------++-------
   Fire: Shortbow          |    75 |   149 ||   224
    Use: Scroll            |     3 |     3 ||     6
 Armour: Leather armour    |    17 |    53 ||    70
         Skin              |       |     5 ||     5
  Dodge: Dodged            |    19 |    54 ||    73

Table legend:
 A = Non-vault XP
 B = Vault XP
 C = Vault XP percentage of total XP
 D = Non-vault monster count
 E = Vault monster count
 F = Vault count percentage of total count
                 A         B        C        D         E       F
            +---------+---------+-------+---------+---------+-------
      Total |     223 |       0 |   0.0 |      56 |       0 |   0.0
            +---------+---------+-------+---------+---------+-------
        D:1 |      30 |       0 |   0.0 |      19 |       0 |   0.0
        D:2 |      41 |       0 |   0.0 |      12 |       0 |   0.0
        D:3 |      45 |       0 |   0.0 |      12 |       0 |   0.0
        D:4 |     107 |       0 |   0.0 |      13 |       0 |   0.0
            +---------+---------+-------+---------+---------+-------
